 Dungeon Crawl Stone Soup version 0.30-a0-859-gf88a04b62d (webtiles) character file.

Game seed: 3220511472656377306

186 112233 the Vexing (level 5, 0/35 HPs)
             Began as a Demonspawn Hexslinger on Mar 6, 2023.
             Was a Plaything of Xom.
             Killed from afar by an orc wizard (4 damage)
             ... with a puff of flame
             ... on level 2 of the Dungeon.
             The game lasted 00:03:37 (2180 turns).

112233 the Vexing (Demonspawn Hexslinger)           Turns: 2180, Time: 00:03:38

Health: 0/35       AC:  6    Str:  5 (8)  XL:     5   Next: 38%
Magic:  8/8        EV: 12    Int: 11 (16) God:    Xom [....*.]
Gold:   163        SH:  0    Dex: 12 (14) Spells: 4/8 levels left

rFire   . . .      SeeInvis .    a - +1 sling
rCold   . . .      Faith    .    (no shield)
rNeg    . . .      Spirit   .    c - +0 robe
rPois   .          Reflect  .    (no helmet)
rElec   .          Rampage  .    (no cloak)
rCorr   .                        o - +1 pair of gloves
Will    +....                    (no boots)
Stlth   +                        (no amulet)
HPRegen 0.25/turn                (no ring)
MPRegen 0.11/turn                (no ring)

@: no status effects
A: hooves 1, yellow scales 1, foul stench 1, deterioration 1, frail 1,
strong-willed 1, weak 1
a: Renounce Religion


You were on level 2 of the Dungeon.
You worshipped Xom.
You were a beloved toy of Xom.
You visited 1 branch of the dungeon, and saw 3 of its levels.

You collected 163 gold pieces.

Inventory:

Hand Weapons
 a - a +1 sling (weapon)
 q - a +0 quarterstaff
Armour
 c - a +0 robe (worn)
 o - a +1 pair of gloves (worn)
Jewellery
 m - a ring of flight
 r - a ring of resist corrosion
Scrolls
 b - a scroll of poison
 d - 2 scrolls of teleportation
 e - a scroll of immolation {unknown}
 h - a scroll of enchant armour {unknown}
 i - 2 scrolls of amnesia {unknown}
 j - 4 scrolls of identify {unknown}
 k - a scroll of silence {unknown}
Potions
 n - 2 potions of flight
 p - a potion of degeneration


   Skills:
 + Level 2.4 Fighting
 + Level 2.8 Ranged Weapons
 + Level 2.7 Dodging
 + Level 2.2 Spellcasting
 + Level 3.7 Hexes


You had 4 spell levels left.
You knew the following spells:

 Your Spells              Type           Power      Damage    Failure   Level
a - Slow                  Hex            36%        N/A       6%          1
b - Portal Projectile     Hex/Tloc       10%        N/A       36%         3

Your spell library contained the following spells:

 Spells                   Type           Power      Damage    Failure   Level
 Summon Small Mammal      Summ           4%         N/A       28%         1
 Inner Flame              Hex/Fire       5%         N/A       36%         3
 Summon Guardian Golem    Hex/Summ       5%         N/A       36%         3
 Static Discharge         Conj/Air       2%         2-3/arc   41%         2
 Cause Fear               Hex            4%         N/A       52%         4
 Call Canine Familiar     Summ           1%         N/A       65%         3
 Vhi's Electric Charge    Tloc/Air       2%         N/A       65%         3
 Petrify                  Tmut/Erth      1%         N/A       96%         4
 Metabolic Englaciation   Hex/Ice        2%         N/A       98%         5
 Arcjolt                  Conj/Air       0%         1d10      100%        5
 Lightning Bolt           Conj/Air       0%         1d11      100%        5
 Statue Form              Tmut/Erth      0%         N/A       100%        6


Dungeon Overview and Level Annotations

Branches:
Dungeon (3/15)

Altars:
Xom

Annotations:
D:2 exclusion: downstairs


Innate Abilities, Weirdness & Mutations

You have large cloven feet.
You are partially covered in yellow scales. (AC +2)
You may rarely emit foul miasma when damaged in melee.
Your body sometimes deteriorates upon taking damage.
You are frail. (-10% HP)
You are strong-willed. (Will+)
You are weak. (Str -2)


Message History

You shoot a sling bullet.
The sling bullet completely misses the orc wizard.
The orc priest calls down the wrath of Beogh upon you.
Beogh smites you!
Your body deteriorates!
You feel dopey.
Unknown command.
The orc wizard points at you and mumbles some strange words.
The magic dart hits you.
The orc priest calls down the wrath of Beogh upon you.
Beogh smites you!
* * * LOW HITPOINT WARNING * * *
Your body deteriorates!
You feel dopey.
You climb upwards.
Level annotation: exclusion: downstairs
There is a stone staircase leading down here.
You are too injured to fight recklessly!
Unknown command.
Unknown command.
Okay, then.
Unknown command.
Fire: a) +1 sling
Press: ? - help, Q - select action, (/) - cycle Shift-Dir - straight line, f - orc wizard
Aim: an orc wizard, wielding a +0 dagger and wearing a +0 robe (50% to hit)
You shoot a sling bullet. The sling bullet hits the orc wizard.
The orc wizard is moderately wounded.
The orc wizard closely misses you. The orc wizard misses you.
Fire: a) +1 sling
Press: ? - help, Q - select action, (/) - cycle Shift-Dir - straight line, f/p - orc wizard
Aim: an orc wizard, wielding a +0 dagger and wearing a +0 robe (moderately wounded, 50% to hit)
You shoot a sling bullet. The sling bullet hits the orc wizard!
The orc wizard is severely wounded.
The orc wizard barely misses you.
Fire: a) +1 sling
Press: ? - help, Q - select action, (/) - cycle Shift-Dir - straight line, f/p - orc wizard
Aim: an orc wizard, wielding a +0 dagger and wearing a +0 robe (severely wounded, 50% to hit)
You shoot a sling bullet.
The sling bullet closely misses the orc wizard.
The orc wizard gestures at you while chanting.
The puff of flame hits you.
You die...

### #.## ########
######..### #......##
#.........# #........
#.........########......##
#.....>..........#........
#.......................##
#######..............##.##
###@....###..#....##
####### #o#...........###
#.....####...#....##...#
#.....##....##.##.##...#
#........##.##.........####
#.....####.................
#.....# #............<.....
#.....####.........#..#....
#.......##.........##..####


You could see an orc wizard.

Vanquished Creatures
  An orc wizard (D:3)
  A hound zombie (D:3)
  3 hound skeletons (D:3)
  3 adders (D:3)
  A worm (D:2)
  2 dart slugs (D:1)
  7 orcs (D:3)
  8 ball pythons
  3 bats
  3 endoplasms
  2 giant cockroaches
  6 goblins
  11 hobgoblins
  3 kobolds (D:2)
  4 quokkas
  A ball python skeleton (D:3)
  A ball python zombie (D:3)
  4 frilled lizards
  4 rats
68 creatures vanquished.

Vanquished Creatures (others)
  A plant (D:3)
  5 withered plants (D:3)
6 creatures vanquished.

Grand Total: 74 creatures vanquished

Notes
Turn   | Place    | Note
-------+----------+-------------------------------------------
     0 | D:1      | 112233 the Demonspawn Hexslinger began the quest for the
                  | Orb.
     0 | D:1      | Reached XP level 1. HP: 15/15 MP: 2/2
    45 | D:1      | Gained mutation: You are partially covered in yellow
                  | scales. (AC +2) [demonic ancestry]
    45 | D:1      | Reached XP level 2. HP: 20/21 MP: 3/3
   218 | D:1      | Found a faded altar of an unknown god.
   263 | D:1      | Prayed at the altar of an unknown god.
   263 | D:1      | Became a worshipper of Xom of Many Doors
   486 | D:1      | Reached XP level 3. HP: 21/26 MP: 5/5
   656 | D:1      | XOM: give mutation
   656 | D:1      | Gained mutation: You are strong-willed. (Will+) [Xom's
                  | grace]
   661 | D:1      | Learned a level 3 spell: Portal Projectile
  1125 | D:2      | XOM: draining
  1237 | D:3      | Gained mutation: You may rarely emit foul miasma when
                  | damaged in melee. [demonic ancestry]
  1237 | D:3      | Reached XP level 4. HP: 13/33 MP: 6/6
  1517 | D:3      | XOM: give mutations
  1517 | D:3      | Gained mutation: You are clumsy. (Dex -2) [Xom's mischief]
  1517 | D:3      | Gained mutation: You are frail. (-10% HP) [Xom's mischief]
  1517 | D:3      | Gained mutation: You possess an exceptional clarity of
                  | mind. [Xom's mischief]
  1517 | D:3      | Lost mutation: You possess an exceptional clarity of mind.
                  | [Xom's mischief]
  1537 | D:3      | Gained mutation: You have large cloven feet. [demonic
                  | ancestry]
  1537 | D:3      | Reached XP level 5. HP: 29/34 MP: 8/8
  1769 | D:3      | XOM: cleaving
  1771 | D:3      | XOM: torment (6/35 hp)
  1775 | D:3      | XOM: butterfly on damage
  1853 | D:3      | XOM: give mutations
  1853 | D:3      | Gained mutation: Your body sometimes deteriorates upon
                  | taking damage. [Xom's mischief]
  1853 | D:3      | Lost mutation: You are clumsy. (Dex -2) [Xom's mischief]
  1853 | D:3      | Gained mutation: You occasionally shout uncontrollably at
                  | your foes. [Xom's mischief]
  1859 | D:2      | XOM: give mutations
  1859 | D:2      | Lost mutation: You occasionally shout uncontrollably at
                  | your foes. [Xom's mischief]
  1859 | D:2      | Gained mutation: You are weak. (Str -2) [Xom's mischief]
  2032 | D:3      | XOM: butterfly on damage
  2180 | D:2      | Killed from afar by an orc wizard

Illustrated notes

Levels and vault maps discovered:
D:1:      nzn_arrival_settlement, layout_basic, ebering_ecumenical_altar_hall,
          glass_columns_a, minmay_crystal_room, minmay_pentomino_o2
D:2:      layout_rooms
D:3:      layout_basic, tso_oasis_becter, serial_undead, serial_undead_e,
          serial_undead_e, serial_undead_d, serial_undead_e, serial_undead_d,
          serial_undead_e, serial_undead_a, serial_undead_a, st_stairs_12

Skill      XL: |  1  2  3  4 |
---------------+-------------+-----
Ranged Weapons | 2 |  2.8
Dodging        | 2 |  2.7
Fighting       | 2 |  2.4
Spellcasting   | 2 |  2.2
Hexes          | |  3.7

Action                     |  1- 3 |  4- 6 || total
---------------------------+-------+-------++-------
  Melee: Quarterstaff      |     2 |    29 ||    31
         Kick              |       |     7 ||     7
   Fire: Sling             |   173 |    73 ||   246
    Use: Potion            |     3 |     4 ||     7
         Scroll            |       |     1 ||     1
 Armour: Robe              |    33 |    30 ||    63
         Skin              |     3 |       ||     3
  Dodge: Dodged            |    65 |    43 ||   108

Table legend: (Time is in decaauts)
 A = Elapsed time spent in this place.
 B = Non-inter-level travel time spent in this place.
 C = Inter-level travel time spent in this place.
 D = Time resting spent in this place.
 E = Time spent auto-exploring this place.
 F = Levels seen in this place.
 G = Mean time per level.
                   A        B        C        D        E       F      G
               +--------+--------+--------+--------+--------+-----+--------+
         Total |   2245 |   2176 |     69 |    594 |   1034 |   3 |  748.3 |
       Dungeon |   2245 |   2176 |     69 |    594 |   1034 |   3 |  748.3 |
               +--------+--------+--------+--------+--------+-----+--------+

Top non-repeatable levels by time:
     D:2: 870 daAuts
     D:3: 688 daAuts
     D:1: 686 daAuts
